 Dungeon Crawl Stone Soup version 0.30-a0-121-gb27577e5d9 (webtiles) character file.

Game seed: 14064967897335768177

392 LnG the Chopper (level 6, -8/53 HPs)
             Began as a Hill Orc Fighter on Sept 14, 2022.
             Was a Believer of Uskayaw.
             Mangled by an ogre
             ... wielding a +0 giant club
              (22 damage)
             ... on level 4 of the Dungeon.
             The game lasted 00:09:39 (4337 turns).

LnG the Chopper (Hill Orc Fighter)                  Turns: 4337, Time: 00:09:40

Health: -8/53      AC:  8    Str: 21    XL:     6   Next: 81%
Magic:  6/6        EV:  9    Int:  8    God:    Uskayaw [**....]
Gold:   185        SH:  4    Dex: 10    Spells: 5/5 levels left

rFire   . . .      SeeInvis .    g - +0 war axe (freeze)
rCold   . . .      Faith    .    c - +0 buckler
rNeg    . . .      Spirit   .    b - +0 scale mail
rPois   .          Reflect  .    h - +0 helmet
rElec   .          Harm     .    (no cloak)
rCorr   .          Rampage  .    (no gloves)
Will    .....                    (no boots)
Stlth   ..........               (no amulet)
HPRegen 0.17/turn                (no ring)
MPRegen 0.10/turn                (no ring)

@: no status effects
A: no striking features
a: Renounce Religion, Stomp, Line Pass


You were on level 4 of the Dungeon.
You worshipped Uskayaw.
Uskayaw was noncommittal.
You visited 2 branches of the dungeon, and saw 5 of its levels.

You collected 185 gold pieces.

Inventory:

Hand Weapons
 a - a +0 war axe
 g - a +0 war axe of freezing (weapon)
Armour
 b - a +0 scale mail (worn)
 c - a +0 buckler (worn)
 h - a +0 helmet (worn)
Jewellery
 p - an amulet of faith
Wands
 i - a wand of iceblast (8)
 r - a wand of mindburst (18)
Scrolls
 e - a scroll of poison {unknown}
 f - a scroll of acquirement {unknown}
 j - a scroll of immolation {unknown}
 k - 3 scrolls of identify {unknown}
 n - a scroll of blinking {unknown}
 q - a scroll of noise {unknown}
 u - a scroll of teleportation {unknown}
 v - a scroll of magic mapping {unknown}
Potions
 d - a potion of might
 l - a potion of flight {unknown}
 m - 2 potions of curing
 o - a potion of berserk rage {unknown}
 s - a potion of heal wounds {unknown}
 t - a potion of haste {unknown}


   Skills:
 + Level 4.7 Fighting
 + Level 6.3 Axes
 + Level 4.8 Armour
 + Level 1.1 Dodging
 + Level 0.1 Stealth
 + Level 4.2 Shields


You had 5 spell levels left.
You didn't know any spells.
Your spell library contained the following spells:

 Spells                   Type           Power      Damage    Failure   Level
 Cigotuvi's Dreadful Rot  Necr/Pois/Air  0%         N/A       92%         2
 Poisonous Vapours        Pois/Air       0%         N/A       92%         2


Dungeon Overview and Level Annotations

Branches:
Dungeon (4/15)             Temple (1/1) D:4

Altars:
Ashenzari
Cheibriados
Dithmenos
Elyvilon
Gozag
Hepliaklqana
Kikubaaqudgha
Nemelex Xobeh
Okawaru
Qazlal
Ru
Sif Muna
Trog
Uskayaw
Vehumet
Wu Jian
Xom
Yredelemnul

Annotations:
D:4 Grinder, Pikel


Message History

A hobgoblin comes into view.
The hobgoblin shouts!
The hobgoblin hits you but does no damage.
You closely miss the hobgoblin.
The hobgoblin hits you but does no damage.
You closely miss the hobgoblin. You block the hobgoblin's attack.
You barely miss the hobgoblin. The hobgoblin misses you.
The hobgoblin hits you but does no damage.
You barely miss the hobgoblin. The hobgoblin misses you.
You hit the hobgoblin but do no damage. You block the hobgoblin's attack.
You slash the hobgoblin! You freeze the hobgoblin.
You kill the hobgoblin!
No target in view!
No target in view!
You see here a hobgoblin corpse.
Found a sparkling altar of Nemelex Xobeh.
No target in view!
No target in view!
Found a leather armour.
v - a scroll labelled KEASTE HELI An ogre comes into view.
It is wielding a +0 giant club.
The ogre shouts!
The ogre hits you with a +0 giant club!
You hit the ogre. You freeze the ogre.
The ogre is moderately wounded.
You slash the ogre! You freeze the ogre.
The ogre is heavily wounded.
The ogre barely misses you.
You hit the ogre. You freeze the ogre.
The ogre is severely wounded.
The ogre hits you with a +0 giant club!!
* * * LOW HITPOINT WARNING * * *
You can now pass through a line of other dancers.
You are too injured to fight recklessly!
You are too injured to fight recklessly!
You are too injured to fight recklessly!
You hit the ogre. You freeze the ogre.
The ogre is severely wounded.
The ogre hits you with a +0 giant club!!
You die...

## ## .
#.###.
##..#.#
#...#O#
#...#@#
#.....#
##.#.## #
#.#
##....#
##.#
......#
#.##
......#
##.##
......#
##...##
......#
###.....#


You could see an ogre.

Vanquished Creatures
  A phantom (D:4)
  Natasha (thrice) (D:2)
  Robin (D:2)
  3 gnolls (D:2)
  8 adders
  A worm (D:2)
  13 dart slugs (D:3)
  2 orcs
  6 endoplasms
  6 giant cockroaches
  9 goblins
  13 hobgoblins
  8 jackals
  11 kobolds
  5 quokkas
  6 ball pythons
  6 bats
  3 frilled lizards
  A rat (D:2)
106 creatures vanquished.

Vanquished Creatures (others)
  6 withered plants (D:1)
6 creatures vanquished.

Grand Total: 112 creatures vanquished

Notes
Turn   | Place    | Note
-------+----------+-------------------------------------------
     0 | D:1      | LnG the Hill Orc Fighter began the quest for the Orb.
     0 | D:1      | Reached XP level 1. HP: 19/19 MP: 1/1
    11 | D:1      | You fall into a shaft and drop 1 floor!
    31 | D:2      | Reached XP level 2. HP: 16/27 MP: 2/2
    42 | D:2      | Reached skill level 3 in Axes
   255 | D:1      | Reached XP level 3. HP: 33/33 MP: 3/3
   278 | D:1      | Found a faded altar of an unknown god.
  1250 | D:2      | Reached XP level 4. HP: 38/40 MP: 4/4
  1257 | D:2      | Reached skill level 4 in Axes
  1568 | D:2      | Noticed Robin
  1577 | D:2      | Reached XP level 5. HP: 33/47 MP: 5/5
  1577 | D:2      | Killed Robin
  1861 | D:2      | Noticed Natasha
  1869 | D:2      | Killed Natasha
  2038 | D:2      | Noticed Natasha
  2047 | D:2      | Killed Natasha
  2048 | D:2      | Reached skill level 5 in Axes
  2254 | D:2      | Noticed Natasha
  2263 | D:2      | Killed Natasha
  2264 | D:2      | Reached XP level 6. HP: 25/53 MP: 6/6
  3275 | D:3      | Reached skill level 6 in Axes
  3392 | D:3      | Identified the +0 scale mail of Nuokiema {Harm +Blink rC-
                  | Int+5}
  3707 | D:4      | Noticed Grinder
  3709 | D:4      | Noticed Pikel
  3808 | D:4      | Reached skill level 1 in Dodging
  3877 | D:4      | Found a staircase to the Ecumenical Temple.
  3886 | Temple   | Entered the Ecumenical Temple
  4117 | Temple   | Became a worshipper of Uskayaw the Reveller
  4198 | D:4      | Reached * piety under Uskayaw
  4230 | D:4      | Reached ** piety under Uskayaw
  4274 | D:4      | Found a sparkling altar of Nemelex Xobeh.
  4337 | D:4      | Mangled by an ogre

Illustrated notes

Levels and vault maps discovered:
D:1:      dpeg_arrival_lava_altar, layout_basic,
          ebering_ecumenical_altar_petrified
D:2:      kennysheep_big_flooded_room, layout_basic, uniq_robin, uniq_natasha
D:3:      kennysheep_slugbush, layout_loops_corners
D:4:      layout_cave_pods, lemuel_round_altar,
          mainiacjoe_overflow_concentric_impassable, temple_hall,
          chequers_serial_rivers_small_b, minmay_misc_feat_five, uniq_eustachio,
          uniq_crazy_yiuf_cottage, uniq_edmund, uniq_pikel, uniq_grinder
Temple:   nicolae_temple_bog_church

Skill      XL: |  1  2  3  4  5  6 |
---------------+-------------------+-----
Axes           | 3 4 5 6 |  6.3
Fighting       | 4 |  4.7
Armour         | 4 |  4.8
Shields        | 4 |  4.2
Dodging        | 1 |  1.1
Stealth        | |  0.1

Action                   |  1- 3 |  4- 6 || total
-------------------------+-------+-------++-------
Melee: War axe           |   102 |   184 ||   286
Armor: Scale mail        |    63 |   113 ||   176
Dodge: Dodged            |    54 |    94 ||   148
Block: Buckler           |    28 |    45 ||    73

Table legend: (Time is in decaauts)
 A = Elapsed time spent in this place.
 B = Non-inter-level travel time spent in this place.
 C = Inter-level travel time spent in this place.
 D = Time resting spent in this place.
 E = Time spent auto-exploring this place.
 F = Levels seen in this place.
 G = Mean time per level.
                   A        B        C        D        E       F      G
               +--------+--------+--------+--------+--------+-----+--------+
         Total |   4451 |   4151 |    300 |    664 |   2721 |   5 |  890.2 |
       Dungeon |   4198 |   3962 |    236 |    664 |   2546 |   4 | 1049.5 |
        Temple |    253 |    190 |     63 |      0 |    174 |   1 |  253.0 |
               +--------+--------+--------+--------+--------+-----+--------+

Top non-repeatable levels by time:
     D:2: 1654 daAuts
     D:3: 1158 daAuts
     D:1: 1058 daAuts
     D:4: 327 daAuts
  Temple: 253 daAuts
